[Event "January 9 Early 2024"]
[Site "https://www.chess.com"]
[Date "2024.01.11"]
[Round "6"]
[White "Haring, Filip"]
[Black "Zemlyanskii, Ivan"]
[Result "0-1"]
[Board "83"]
[TimeControl "180+1"]
[WhiteFideId "14933080"]
[BlackFideId "24249971"]
[WhiteElo "2708"]
[BlackElo "2990"]
[WhiteTeam "SVK"]
[BlackTeam "RUS"]
[WhiteClock "0:00:02"]
[BlackClock "0:00:40"]

1. Nf3 d5 2. d4 Nf6 3. Bf4 c5 4. e3 Nc6 5. Nbd2 Qb6 6. dxc5 Qxb2 7. Rb1 Qc3 8. Bb5 e6 9. Ne5 Bd7 10. Nd3 Be7 11. O-O O-O 12. Bxc6 Bxc6 13. Be5 Qa3 14. Nb3 Nd7 15. Bb2 Qa4 16. Qh5 Rac8 17. Nd4 Bf6 18. f4 Rfe8 19. Rf3 Bxd4 20. Bxd4 Qxc2 21. Rbf1 Qxd3 22. Rg3 f6 23. Qh6 Re7 24. f5 e5 0-1

[Event "January 9 Early 2024"]
[Site "https://www.chess.com"]
[Date "2024.01.11"]
[Round "6"]
[White "Kubicka, Anna"]
[Black "Perez Gormaz, Matias"]
[Result "1-0"]
[Board "84"]
[TimeControl "180+1"]
[WhiteFideId "1152254"]
[BlackFideId "3406342"]
[WhiteElo "2460"]
[BlackElo "2654"]
[WhiteTeam "POL"]
[BlackTeam "CHI"]
[WhiteClock "0:00:55"]
[BlackClock "0:00:02"]

1. e4 c6 2. Nc3 d5 3. Nf3 Bg4 4. h3 Bxf3 5. Qxf3 e6 6. d4 Nd7 7. Be2 g6 8. Be3 Bg7 9. O-O-O Ne7 10. Kb1 b5 11. exd5 exd5 12. Bd3 Nb6 13. Bg5 O-O 14. Rde1 Re8 15. Bf6 Qd6 16. Bxg7 Kxg7 17. h4 Qf6 18. Qg4 h5 19. Qg3 Qxd4 20. Ne2 Qf6 21. Nf4 Kh8 22. Nh3 Na4 23. c3 b4 24. Bc2 Nb6 25. Qg5 Qxg5 26. Nxg5 bxc3 27. Nxf7+ Kg7 28. Nd6 cxb2 29. Nxe8+ Rxe8 30. Kxb2 Nc4+ 31. Kc1 Nd6 32. Re6 Kf7 33. Rxd6 1-0

[Event "January 9 Early 2024"]
[Site "https://www.chess.com"]
[Date "2024.01.11"]
[Round "6"]
[White "Sakun, Volodymyr"]
[Black "Lopez Idarraga, Daniel Eduardo"]
[Result "1-0"]
[Board "85"]
[TimeControl "180+1"]
[WhiteFideId "14114062"]
[BlackFideId "4405501"]
[WhiteElo "2613"]
[BlackElo "2408"]
[WhiteTeam "UKR"]
[BlackTeam "COL"]
[WhiteClock "0:00:19"]
[BlackClock "0:01:24"]

1. d4 d5 2. c4 c6 3. Nf3 Nf6 4. e3 Bf5 5. Nc3 e6 6. h3 h6 7. a3 Nbd7 8. b3 Bd6 9. Bb2 Ne4 10. Be2 a6 11. O-O O-O 12. Nd2 Ndf6 13. Ndxe4 Nxe4 14. Nxe4 Bxe4 15. Bd3 Bxd3 16. Qxd3 b5 17. cxb5 cxb5 18. Rfc1 Rc8 19. Rxc8 Qxc8 20. Rc1 Qb7 21. Qc2 Rd8 22. Qc6 Qa8 23. Qxa8 Rxa8 24. Rc6 Be7 25. Kf1 Kf8 26. Ke2 Ke8 27. Rc7 Bd6 28. Rb7 Rc8 29. Kd3 Rc7 30. Rb6 Kd7 31. Rxa6 f6 32. Rb6 Ra7 33. Rxb5 Bxa3 34. Bxa3 Rxa3 35. Rb7+ Kc6 36. Rxg7 Rxb3+ 37. Ke2 Kd6 38. Rg6 Ke7 39. Rxh6 Kf7 40. Rh7+ Kg6 41. Re7 Rb6 42. g4 Ra6 43. Kf3 Rb6 44. h4 Ra6 45. h5+ Kh6 46. Kg3 f5 47. gxf5 exf5 48. Kf4 Kxh5 49. Re5 Kg6 50. Rxf5 Ra5 51. f3 1-0

[Event "January 9 Early 2024"]
[Site "https://www.chess.com"]
[Date "2024.01.11"]
[Round "6"]
[White "Sidletskyi, Ivan"]
[Black "Parpiev, Isaak"]
[Result "1-0"]
[Board "86"]
[TimeControl "180+1"]
[WhiteFideId "14156024"]
[BlackFideId "34281576"]
[WhiteElo "2512"]
[BlackElo "2660"]
[WhiteTeam "UKR"]
[BlackTeam "RUS"]
[WhiteClock "0:00:47"]
[BlackClock "0:00:03"]

1. e4 e5 2. Nf3 Nc6 3. Bc4 Nf6 4. Ng5 d5 5. exd5 Na5 6. Bb5+ c6 7. dxc6 bxc6 8. Bd3 Nd5 9. Nf3 Bd6 10. O-O O-O 11. Re1 f5 12. Nxe5 Qf6 13. Nf3 g5 14. c4 Nf4 15. Bf1 g4 16. d4 gxf3 17. Qxf3 Ne6 18. c5 Nxd4 19. Qc3 Bc7 20. b4 Nb7 21. Bb2 Rd8 22. Bc4+ Kf8 23. Nd2 Qh4 24. g3 Qh6 25. Rad1 Be6 26. Nf1 Bxc4 27. Rxd4 Rxd4 28. Qxd4 Bxf1 29. Qh8+ Kf7 30. Qxa8 Ba6 31. Qe8# 1-0

[Event "January 9 Early 2024"]
[Site "https://www.chess.com"]
[Date "2024.01.11"]
[Round "6"]
[White "Shevchuk, Olexandr"]
[Black "Poormosavi, Seyed Kian"]
[Result "0-1"]
[Board "87"]
[TimeControl "180+1"]
[WhiteFideId "14113775"]
[BlackFideId "12585807"]
[WhiteElo "2509"]
[BlackElo "2739"]
[WhiteTeam "UKR"]
[BlackTeam "IRI"]
[WhiteClock "0:00:18"]
[BlackClock "0:00:52"]

1. d4 Nf6 2. c4 b6 3. Nc3 Bb7 4. f3 d5 5. cxd5 Nxd5 6. e4 Nxc3 7. bxc3 e6 8. Be3 Be7 9. Bb5+ c6 10. Bc4 O-O 11. Ne2 Nd7 12. O-O c5 13. Qd2 Rc8 14. Rac1 Qc7 15. Bf4 Bd6 16. Rfd1 Rfd8 17. Bb5 a6 18. Ba4 b5 19. Bb3 Nb8 20. Bxd6 Rxd6 21. Qg5 Qd8 22. Qg3 cxd4 23. cxd4 Rxc1 24. Rxc1 Nc6 25. d5 exd5 26. Bxd5 Na5 27. Nf4 Bxd5 28. Nxd5 Nc4 29. h3 h6 30. Rd1 Rg6 31. Qf4 Kh7 32. h4 Qe8 33. Qf5 Kh8 34. Nc7 Qe7 35. Rd7 Qxh4 36. Rd8+ Qxd8 0-1

[Event "January 9 Early 2024"]
[Site "https://www.chess.com"]
[Date "2024.01.11"]
[Round "6"]
[White "Tiarks, Jann-Christian"]
[Black "Bogumil, Tatiana"]
[Result "0-1"]
[Board "88"]
[TimeControl "180+1"]
[WhiteFideId "12951595"]
[BlackFideId "4110579"]
[WhiteElo "2444"]
[BlackElo "2127"]
[WhiteTeam "GER"]
[BlackTeam "RUS"]
[WhiteClock "0:01:04"]
[BlackClock "0:00:13"]

1. e4 d6 2. d4 g6 3. Nc3 Bg7 4. h4 h5 5. Nf3 Nf6 6. Ng5 c6 7. a4 a5 8. Be2 Na6 9. Be3 Nb4 10. O-O O-O 11. e5 Nfd5 12. Nxd5 Nxd5 13. e6 Bxe6 14. Bxh5 gxh5 15. Nxe6 fxe6 16. Qxh5 Nf6 17. Qe2 Qe8 18. Bg5 Qf7 19. Rfe1 Nd5 20. Qxe6 Qxe6 21. Rxe6 Bxd4 22. Bxe7 Rxf2 23. Kh1 Kf7 24. Rae1 Be5 25. Bxd6 Kxe6 26. Bxe5 Kd7 27. h5 Rf5 28. g4 Rf2 29. h6 Ne7 30. Bd4 Rf4 31. Bc5 Ng6 32. g5 Re8 33. Rd1+ Kc8 34. Rd6 Rh4+ 35. Kg2 Rg4+ 36. Kf3 Rxg5 37. Bb6 Ne5+ 38. Kf4 Rh5 39. b3 Nd7 40. Bxa5 Rxa5 41. h7 Rh5 0-1

[Event "January 9 Early 2024"]
[Site "https://www.chess.com"]
[Date "2024.01.11"]
[Round "6"]
[White "Luukkonen, Tommi"]
[Black "Glashausser, Sho"]
[Result "1-0"]
[Board "89"]
[TimeControl "180+1"]
[WhiteFideId "501808"]
[BlackFideId "30908329"]
[WhiteElo "2321"]
[BlackElo "2160"]
[WhiteTeam "FIN"]
[BlackTeam "USA"]
[WhiteClock "0:01:10"]
[BlackClock "0:00:01"]

1. d4 e6 2. c4 f5 3. g3 Nf6 4. Bg2 d5 5. Nf3 Be7 6. O-O Ne4 7. Qc2 c6 8. Ne5 Nd7 9. Nc3 Nxe5 10. dxe5 O-O 11. Rd1 Bc5 12. Bxe4 fxe4 13. Nxe4 Be7 14. c5 Qe8 15. Nd6 Qh5 16. f3 Qxe5 17. Bf4 Rxf4 18. gxf4 Qxf4 19. Qd2 Qh4 20. Qe1 Qh6 21. Qg3 Bd7 22. Nxb7 Rf8 23. Nd6 Bh4 24. Qg4 Qe3+ 25. Kh1 Rf4 26. Qg2 Qxc5 27. Ne4 Qe7 28. Ng3 e5 29. Rg1 Kh8 30. Nh5 Rf7 31. e4 g6 32. Ng3 d4 33. Qe2 c5 34. b3 Qe8 35. Rad1 Bb5 36. Qg2 a5 37. Qh3 1-0

[Event "January 9 Early 2024"]
[Site "https://www.chess.com"]
[Date "2024.01.11"]
[Round "6"]
[White "Mayaud, Raphael"]
[Black "Tqebuchava, Zurab"]
[Result "1-0"]
[Board "90"]
[TimeControl "180+1"]
[WhiteFideId "627151"]
[BlackFideId "13601113"]
[WhiteElo "2306"]
[BlackElo "2132"]
[WhiteTeam "FRA"]
[BlackTeam "GEO"]
[WhiteClock "0:00:30"]
[BlackClock "0:00:01"]

1. d4 d5 2. c4 c6 3. Nf3 Nf6 4. Nc3 e6 5. Bg5 Be7 6. e3 h6 7. Bh4 O-O 8. cxd5 exd5 9. Bd3 b6 10. O-O a5 11. Re1 Ba6 12. Bc2 Nbd7 13. Ne5 Nxe5 14. dxe5 Nd7 15. Bg3 Re8 16. Qh5 Nf8 17. Rad1 Bb4 18. f4 Bxc3 19. bxc3 Ra7 20. Bh4 Qc8 21. g4 g6 22. Qxh6 Qxg4+ 23. Kf2 c5 24. Bf6 Qh5 25. Qg7# 1-0

[Event "January 9 Early 2024"]
[Site "https://www.chess.com"]
[Date "2024.01.11"]
[Round "6"]
[White "Averchenko, Sergej"]
[Black "Gevorgyan, Maria"]
[Result "1-0"]
[Board "91"]
[TimeControl "180+1"]
[WhiteFideId "4131533"]
[BlackFideId "13300270"]
[WhiteElo "2003"]
[BlackElo "2412"]
[WhiteTeam "RUS"]
[BlackTeam "ARM"]
[WhiteClock "0:00:58"]
[BlackClock "0:00:18"]

1. d4 Nf6 2. c4 c5 3. d5 e6 4. Nf3 exd5 5. cxd5 d6 6. Nc3 g6 7. g3 Bg7 8. Bg2 O-O 9. O-O Re8 10. Nd2 a6 11. a4 Nbd7 12. Nc4 Qe7 13. Bf4 Ne5 14. Bxe5 dxe5 15. d6 Qd8 16. a5 Be6 17. Nb6 Rb8 18. Rc1 Nd7 19. Nca4 Nxb6 20. Nxb6 Bf8 21. d7 Re7 22. Rxc5 Bxd7 23. Rd5 Qc7 24. Rxd7 Rxd7 25. Qxd7 Qc5 26. Bd5 Be7 27. Kg2 Rf8 28. Qxb7 Qxa5 29. Nd7 Rd8 30. e4 Qb5 31. Qxb5 axb5 32. Nxe5 Bf6 33. Nxf7 Rxd5 34. exd5 Kxf7 35. Rd1 Bxb2 36. Rb1 Be5 37. Rxb5 h5 38. f4 Bd6 39. Kf3 1-0

[Event "January 9 Early 2024"]
[Site "https://www.chess.com"]
[Date "2024.01.11"]
[Round "6"]
[White "Waldhausen Gordon, Frederick"]
[Black "Mekhitarian, Krikor Sevag"]
[Result "1-0"]
[Board "92"]
[TimeControl "180+1"]
[WhiteFideId "2409143"]
[BlackFideId "2107660"]
[WhiteElo "2553"]
[BlackElo "2744"]
[WhiteTeam "SCO"]
[BlackTeam "BRA"]
[WhiteClock "0:00:56"]
[BlackClock "0:00:03"]

1. f4 g6 2. Nf3 Bg7 3. g3 d5 4. Bg2 Nh6 5. O-O O-O 6. c3 c5 7. d3 d4 8. e4 dxe3 9. Bxe3 Qc7 10. Na3 Ng4 11. Qe2 Nxe3 12. Qxe3 e6 13. Nc4 Rd8 14. a4 Nd7 15. Nce5 Nf6 16. Ng5 Rf8 17. Ne4 Nd5 18. Qxc5 Rd8 19. Qxc7 Nxc7 20. d4 Nd5 21. Kf2 Rb8 22. Nc5 Bf8 23. Rfd1 b6 24. Ne4 Bb7 25. a5 bxa5 26. Rxa5 Ba8 27. Rd2 Rb7 28. Nc5 Rc7 29. Ncd3 Rb8 30. Rd1 f6 31. Ng4 Bg7 32. Rda1 Bc6 33. Rxa7 Rxa7 34. Rxa7 Bb5 35. Nc5 Be8 36. Nxe6 Rxb2+ 37. Ke1 Rb1+ 38. Kd2 Bf7 39. Bxd5 1-0

[Event "January 9 Early 2024"]
[Site "https://www.chess.com"]
[Date "2024.01.11"]
[Round "6"]
[White "Vachier-Lagrave, Maxime"]
[Black "Rakhmatullaev, Almas"]
[Result "1-0"]
[Board "93"]
[TimeControl "180+1"]
[WhiteFideId "623539"]
[BlackFideId "14205793"]
[WhiteElo "3172"]
[BlackElo "2837"]
[WhiteTeam "FRA"]
[BlackTeam "UZB"]
[WhiteClock "0:00:52"]
[BlackClock "0:00:13"]

1. e4 e5 2. Nf3 Nf6 3. Nxe5 Nxe4 4. Qe2 Qe7 5. Qxe4 d6 6. f4 dxe5 7. fxe5 Nc6 8. Nc3 Qxe5 9. Qxe5+ Nxe5 10. d4 Nc6 11. Nb5 Bd6 12. c3 O-O 13. Bd3 Re8+ 14. Kf2 Be6 15. Nxd6 cxd6 16. Bf4 Rad8 17. Rhe1 h6 18. h3 a6 19. a4 Na5 20. b4 Bc4 21. Bc2 Nc6 22. Bxd6 Be6 23. Bc5 Ne7 24. c4 Nc8 25. d5 Bd7 26. a5 g6 27. Rxe8+ Rxe8 28. Re1 Rxe1 29. Kxe1 Kg7 30. Kf2 Kf6 31. Ke3 Ke5 32. Bd4+ Kd6 33. Bb3 f5 34. Bg7 h5 35. Kf4 Ke7 36. Be5 1-0

[Event "January 9 Early 2024"]
[Site "https://www.chess.com"]
[Date "2024.01.11"]
[Round "6"]
[White "Terry, Renato"]
[Black "Krzyzanowski, Marcin"]
[Result "1-0"]
[Board "94"]
[TimeControl "180+1"]
[WhiteFideId "3803457"]
[BlackFideId "1132199"]
[WhiteElo "2989"]
[BlackElo "2788"]
[WhiteTeam "PER"]
[BlackTeam "POL"]
[WhiteClock "0:00:51"]
[BlackClock "0:00:02"]

1. d4 Nf6 2. Bg5 d5 3. e3 c5 4. c3 Qb6 5. Qb3 Nc6 6. Nf3 Ne4 7. Bf4 c4 8. Qc2 h6 9. Nbd2 Bf5 10. Nxe4 Bxe4 11. Qd2 e6 12. Be2 Qd8 13. O-O b5 14. Ne5 Nxe5 15. Bxe5 Bd6 16. f3 Bxe5 17. fxe4 Bc7 18. exd5 Qh4 19. g3 Qg5 20. dxe6 fxe6 21. Bf3 O-O-O 22. a4 h5 23. axb5 h4 24. g4 Rhf8 25. Rxa7 h3 26. Ra8+ Bb8 27. Qe2 Rf6 28. Qxc4+ Kd7 29. Qc6+ Ke7 30. Rxb8 Qxe3+ 31. Kh1 Rxf3 32. Rb7+ Kf6 33. Rxf3+ Kg5 34. Rxe3 Ra8 35. Rxg7+ Kh4 36. Rxh3+ Kxh3 37. Qg2+ Kh4 38. Qg3# 1-0

[Event "January 9 Early 2024"]
[Site "https://www.chess.com"]
[Date "2024.01.11"]
[Round "6"]
[White "Djokic, Mihailo"]
[Black "Lysyj, Igor"]
[Result "1-0"]
[Board "95"]
[TimeControl "180+1"]
[WhiteFideId "976440"]
[BlackFideId "4150120"]
[WhiteElo "2679"]
[BlackElo "2842"]
[WhiteTeam "SRB"]
[BlackTeam "FID"]
[WhiteClock "0:00:57"]
[BlackClock "0:00:10"]

1. e4 e5 2. Nf3 Nc6 3. Nc3 Nf6 4. Bb5 Bb4 5. O-O O-O 6. d3 Bxc3 7. bxc3 d6 8. Re1 a6 9. Ba4 Ne7 10. d4 Ng6 11. dxe5 dxe5 12. Ba3 Bg4 13. Bxf8 Qxf8 14. h3 Rd8 15. Qe2 Bxf3 16. Qxf3 c5 17. Bb3 b5 18. Bd5 Nxd5 19. exd5 Qd6 20. a4 b4 21. c4 Rf8 22. c3 f5 23. cxb4 cxb4 24. Rac1 e4 25. Qb3 Nf4 26. Qg3 b3 27. c5 Qe5 28. Qxb3 Qf6 29. c6 Qg5 30. Qg3 Ne2+ 31. Rxe2 Qxc1+ 32. Kh2 Qc4 33. Rd2 f4 34. Qg4 Qc3 35. Qe6+ Kh8 36. Re2 f3 37. Rxe4 fxg2 38. Qf7 g1=Q+ 39. Kxg1 Rg8 40. Re8 Qc1+ 41. Kh2 1-0

[Event "January 9 Early 2024"]
[Site "https://www.chess.com"]
[Date "2024.01.11"]
[Round "6"]
[White "Novak, Ratko"]
[Black "Van Kooten, Luuk"]
[Result "1-0"]
[Board "96"]
[TimeControl "180+1"]
[WhiteFideId "14511827"]
[BlackFideId "1006533"]
[WhiteElo "2429"]
[BlackElo "2265"]
[WhiteTeam "CRO"]
[BlackTeam "NED"]
[WhiteClock "0:00:43"]
[BlackClock "0:00:01"]

1. d4 Nf6 2. c4 c5 3. dxc5 e6 4. Be3 Qc7 5. Nc3 Bxc5 6. Bxc5 Qxc5 7. e4 O-O 8. a3 Nc6 9. Nf3 d5 10. b4 Qe7 11. e5 Ne4 12. Qd3 Nxc3 13. Qxc3 Rd8 14. Rd1 a5 15. b5 Nb8 16. c5 Nd7 17. Rc1 b6 18. c6 Nc5 19. Be2 f6 20. O-O a4 21. Qb4 fxe5 22. Nxe5 Qf6 23. f4 Ra7 24. Rxc5 bxc5 25. Qxc5 Qe7 26. Qxe7 Rxe7 27. b6 Rd6 28. Rc1 g6 29. g4 d4 30. g5 d3 31. Bxd3 Rd4 32. Rf1 1-0

[Event "January 9 Early 2024"]
[Site "https://www.chess.com"]
[Date "2024.01.11"]
[Round "6"]
[White "Kornyukov, Alexey"]
[Black "Burmakin, Evgeniy"]
[Result "0-1"]
[Board "97"]
[TimeControl "180+1"]
[WhiteFideId "4150457"]
[BlackFideId "4163729"]
[WhiteElo "2264"]
[BlackElo "2418"]
[WhiteTeam "RUS"]
[BlackTeam "RUS"]
[WhiteClock "0:00:21"]
[BlackClock "0:00:21"]

1. d4 Nf6 2. Nc3 d5 3. Bg5 Ne4 4. Nxe4 dxe4 5. Qd2 h6 6. Bf4 Bf5 7. e3 e6 8. O-O-O Bd6 9. Bxd6 cxd6 10. Bb5+ Nd7 11. d5 e5 12. Qb4 a6 13. Ba4 b5 14. Bb3 Qb6 15. Ne2 a5 16. Qd2 a4 17. g4 Bxg4 18. Rhg1 axb3 19. cxb3 Bxe2 20. Qxe2 Rxa2 21. Rxg7 Ra1+ 22. Kc2 Qc5+ 23. Kd2 Rxd1+ 24. Kxd1 Qxd5+ 25. Ke1 Ke7 26. Qh5 Nf6 27. Qf5 Ra8 28. Kf1 Ra1+ 29. Kg2 Qd1 30. Qc8 Qf3# 0-1

[Event "January 9 Early 2024"]
[Site "https://www.chess.com"]
[Date "2024.01.11"]
[Round "6"]
[White "Skliarov, Viktor"]
[Black "Kukhmazov, Arsen"]
[Result "1/2-1/2"]
[Board "98"]
[TimeControl "180+1"]
[WhiteFideId "14106736"]
[BlackFideId "24108260"]
[WhiteElo "2684"]
[BlackElo "2906"]
[WhiteTeam "UKR"]
[BlackTeam "FID"]
[WhiteClock "0:00:19"]
[BlackClock "0:00:37"]

1. e4 c6 2. d4 d5 3. e5 Bf5 4. Nf3 e6 5. Be2 Nd7 6. O-O f6 7. a4 fxe5 8. dxe5 a5 9. Na3 Bc5 10. c3 Ne7 11. Nc2 O-O 12. b4 Bb6 13. Ncd4 Ng6 14. Nxf5 Rxf5 15. Bd3 Rf8 16. Ng5 Ndxe5 17. Qh5 h6 18. Bxg6 Nxg6 19. Nxe6 Qf6 20. Nxf8 Rxf8 21. Be3 Bc7 22. Bd4 Qf7 23. g3 Kh7 24. Rae1 Ra8 25. Re3 axb4 26. cxb4 Rxa4 27. Rfe1 Rxb4 28. Re7 Qxe7 29. Rxe7 Nxe7 30. Qf7 Rxd4 31. Qxe7 Ba5 32. Qxb7 Rc4 33. Qb1+ Kg8 34. Qb8+ Kh7 35. Qb1+ Kg8 36. Qb8+ Kh7 37. Qb1+ 1/2-1/2

[Event "January 9 Early 2024"]
[Site "https://www.chess.com"]
[Date "2024.01.11"]
[Round "6"]
[White "Sofronie, Claudia-Ramona"]
[Black "Mrudul Dehankar"]
[Result "0-1"]
[Board "99"]
[TimeControl "180+1"]
[WhiteFideId "1205722"]
[BlackFideId "25096990"]
[WhiteElo "2263"]
[BlackElo "2407"]
[WhiteTeam "ROU"]
[BlackTeam "IND"]
[WhiteClock "0:00:21"]
[BlackClock "0:00:15"]

1. d4 Nf6 2. Bf4 e6 3. e3 b6 4. Nf3 Bb7 5. Nbd2 Be7 6. h3 O-O 7. Bd3 c5 8. c3 d6 9. O-O Nbd7 10. e4 cxd4 11. cxd4 a6 12. Rc1 b5 13. Qe2 Re8 14. Bh2 Bf8 15. Rc2 e5 16. dxe5 dxe5 17. Rfc1 Qb6 18. Nb3 Rad8 19. Rc7 Bd6 20. R7c2 Nh5 21. Ng5 Nf4 22. Bxf4 exf4 23. Qh5 Nf6 24. Qxf7+ Kh8 25. Ne6 Rd7 26. Qxe8+ Nxe8 0-1

[Event "January 9 Early 2024"]
[Site "https://www.chess.com"]
[Date "2024.01.11"]
[Round "6"]
[White "Smirnov, Mark"]
[Black "Bryakin, Mikhail"]
[Result "0-1"]
[Board "100"]
[TimeControl "180+1"]
[WhiteFideId "13764594"]
[BlackFideId "4165314"]
[WhiteElo "2527"]
[BlackElo "2840"]
[WhiteTeam "KAZ"]
[BlackTeam "SRB"]
[WhiteClock "0:00:02"]
[BlackClock "0:01:39"]

1. e4 e6 2. d4 d5 3. Nd2 Nc6 4. Ngf3 Nf6 5. e5 Nd7 6. Bd3 Nb6 7. c3 Bd7 8. h4 h6 9. Nf1 Na5 10. b3 a6 11. Ng3 Bb5 12. Bc2 g6 13. Be3 Nd7 14. Qd2 b6 15. Nh2 Nb7 16. Ng4 h5 17. Bg5 Be7 18. Bxe7 Qxe7 19. Ne3 c5 20. a4 Bc6 21. Ne2 a5 22. Nf4 O-O-O 23. O-O-O cxd4 24. cxd4 Qa3+ 25. Kb1 b5 26. Qc1 Qxc1+ 27. Rxc1 bxa4 28. Bxg6 fxg6 29. Rxc6+ Kb8 30. bxa4 Nf8 31. Nxe6 Nxe6 32. Rxe6 Rhf8 33. Rf6 Rxf6 34. exf6 Rd6 35. f7 Rf6 36. f3 Rxf7 37. Rc1 Rf4 38. Nxd5 Rxd4 39. Ne7 Rb4+ 40. Kc2 Rxh4 41. Nxg6 Rxa4 42. Ne5 Kc7 43. Kd2+ Kd6 44. Nc4+ Ke6 45. Ne3 Nd6 46. Rc6 Ra2+ 47. Kd3 Kd7 48. Rc5 Ra3+ 49. Kd2 Ra2+ 50. Kd3 h4 51. Rh5 Ra4 52. Rh6 Ra3+ 53. Kd4 Rxe3 54. Rxd6+ Kxd6 55. Kxe3 Ke5 56. f4+ Kf5 0-1

[Event "January 9 Early 2024"]
[Site "https://www.chess.com"]
[Date "2024.01.11"]
[Round "6"]
[White "Shuvalov, Evgenij"]
[Black "Baziuk, Vladyslav"]
[Result "1-0"]
[Board "101"]
[TimeControl "180+1"]
[WhiteFideId "4187237"]
[BlackFideId "34107940"]
[WhiteElo "2530"]
[BlackElo "2683"]
[WhiteTeam "FID"]
[BlackTeam "UKR"]
[WhiteClock "0:00:35"]
[BlackClock "0:01:24"]

1. d4 Nf6 2. c4 e6 3. Nc3 c5 4. Nf3 cxd4 5. Nxd4 Nc6 6. a3 Qb6 7. Ndb5 Ne5 8. Bf4 d6 9. e3 Be7 10. c5 Qxc5 11. Na4 Qc6 12. Rc1 Qd7 13. Nc7+ Kf8 14. Bxe5 dxe5 15. Nxa8 Qxd1+ 16. Rxd1 Bd7 17. Nc3 Bc6 18. Nc7 a6 19. Na8 g5 20. Nb6 Kg7 21. Nc4 Nd7 22. f3 f6 23. Na5 Nb6 24. Nxc6 bxc6 25. Bxa6 Nd5 26. e4 Nf4 27. Kf2 Bc5+ 28. Kg3 h5 29. h4 gxh4+ 30. Rxh4 Ng6 31. Rd7+ Kh6 32. Bc4 Kg5 33. Rg7 Rh6 34. Bxe6 Bf2+ 35. Kxf2 Kxh4 36. Bf5 Kg5 37. Rxg6+ Rxg6 38. Bxg6 Kxg6 39. b4 Kf7 40. Ke3 Ke6 41. Kd3 Kd6 42. Kc4 h4 43. Ne2 f5 44. Ng1 fxe4 45. fxe4 Ke6 46. Nf3 h3 47. gxh3 Kf6 48. a4 Kg6 49. Kc5 Kh5 50. Nxe5 Kg5 51. Nxc6 Kf4 52. Nd4 Kxe4 53. b5 Ke5 54. b6 Ke4 55. b7 Kd3 56. b8=Q Ke4 57. Qd6 Kd3 58. a5 Ke4 59. a6 Ke3 60. a7 Kd2 61. a8=Q Ke3 62. Qac6 Kd2 63. Qcd5 Ke1 64. Q5e5+ Kf2 65. Ne6 Kg2 66. Nc7 Kxh3 67. Qdf6 Kg4 68. Qeg5+ Kh3 69. Qfh6# 1-0

[Event "January 9 Early 2024"]
[Site "https://www.chess.com"]
[Date "2024.01.11"]
[Round "6"]
[White "Giri, Anish"]
[Black "Ioannidis, Evgenios"]
[Result "1-0"]
[Board "102"]
[TimeControl "180+1"]
[WhiteFideId "24116068"]
[BlackFideId "4229274"]
[WhiteElo "2996"]
[BlackElo "2799"]
[WhiteTeam "NED"]
[BlackTeam "GRE"]
[WhiteClock "0:00:27"]
[BlackClock "0:00:12"]

1. d4 Nf6 2. c4 e6 3. Nf3 d5 4. g3 dxc4 5. Bg2 Be7 6. Qa4+ Nbd7 7. Qxc4 a6 8. Qc2 O-O 9. O-O c5 10. Nc3 cxd4 11. Nxd4 Bc5 12. Nb3 Ba7 13. Rd1 Qe7 14. h3 h6 15. Bd2 Nc5 16. Rac1 Nxb3 17. Qxb3 Rb8 18. e3 b5 19. Ne2 Bb7 20. Bb4 Qe8 21. Bxb7 Rxb7 22. Qa3 Nd7 23. Bxf8 Nxf8 24. Qxa6 Qb8 25. Qd6 Qa8 26. Qc6 b4 27. Nf4 g5 28. Nh5 Ng6 29. Rd7 Rb8 30. Qxa8 Rxa8 31. Rcc7 Bb6 32. Nf6+ Kh8 33. Rxf7 1-0

[Event "January 9 Early 2024"]
[Site "https://www.chess.com"]
[Date "2024.01.11"]
[Round "6"]
[White "Kvaloy, Aksel Bu"]
[Black "Murzin, Volodar"]
[Result "0-1"]
[Board "103"]
[TimeControl "180+1"]
[WhiteFideId "1528815"]
[BlackFideId "44155573"]
[WhiteElo "2738"]
[BlackElo "2949"]
[WhiteTeam "NOR"]
[BlackTeam "FID"]
[WhiteClock "0:00:20"]
[BlackClock "0:00:21"]

1. d4 Nf6 2. Nf3 g6 3. Bg5 Bg7 4. Nbd2 O-O 5. c3 d6 6. e4 Nbd7 7. Be2 e5 8. O-O Re8 9. dxe5 dxe5 10. Qc2 h6 11. Bh4 g5 12. Bg3 Nh5 13. Nc4 Nf4 14. Rfe1 Qf6 15. Bf1 Qg6 16. Ne3 Nf6 17. Nd2 h5 18. Rad1 h4 19. Bxf4 exf4 20. Nf5 Bf8 21. Nf3 Rxe4 22. Bd3 Bxf5 23. Bxe4 Bxe4 24. Qe2 Re8 25. Qc4 Bd6 26. Nd2 Bc6 27. Rxe8+ Nxe8 28. Re1 Nf6 29. Nb3 h3 30. gxh3 g4 31. h4 g3 32. hxg3 fxg3 33. Qd3 Qxd3 0-1

[Event "January 9 Early 2024"]
[Site "https://www.chess.com"]
[Date "2024.01.11"]
[Round "6"]
[White "Sielecki, Christof"]
[Black "Jovic, Stanoje"]
[Result "1-0"]
[Board "104"]
[TimeControl "180+1"]
[WhiteFideId "4620437"]
[BlackFideId "905020"]
[WhiteElo "2577"]
[BlackElo "2414"]
[WhiteTeam "GER"]
[BlackTeam "SRB"]
[WhiteClock "0:00:24"]
[BlackClock "0:00:01"]

1. d4 Nf6 2. Nf3 e6 3. g3 b5 4. Bg2 Bb7 5. O-O c5 6. c3 Qb6 7. a4 b4 8. a5 Qc7 9. Bf4 d6 10. dxc5 Qxc5 11. Qa4+ Bc6 12. cxb4 Qc4 13. Nfd2 Qa6 14. Bxc6+ Qxc6 15. b5 Qd7 16. Nc3 Be7 17. Nc4 O-O 18. Rfd1 Rc8 19. b6 Nc6 20. Nxd6 Bxd6 21. Rxd6 Qb7 22. Nb5 axb6 23. a6 Qe7 24. Rc1 e5 25. Be3 Na7 26. Rxc8+ Rxc8 27. Rxb6 1-0

[Event "January 9 Early 2024"]
[Site "https://www.chess.com"]
[Date "2024.01.11"]
[Round "6"]
[White "Gutierrez Carmona, Juan Alejandro"]
[Black "Pogorelskikh, Sofia"]
[Result "1-0"]
[Board "105"]
[TimeControl "180+1"]
[WhiteFideId "5106770"]
[BlackFideId "44164548"]
[WhiteElo "2187"]
[BlackElo "2264"]
[WhiteTeam "MEX"]
[BlackTeam "SRB"]
[WhiteClock "0:00:19"]
[BlackClock "0:00:09"]

1. e4 c5 2. Nf3 Nc6 3. Bb5 e5 4. Bxc6 dxc6 5. d3 Bd6 6. a4 h6 7. a5 Nf6 8. Nbd2 Be6 9. b3 Nd7 10. O-O O-O 11. Nc4 Bc7 12. Bd2 b5 13. axb6 axb6 14. Bc3 Rxa1 15. Qxa1 Qb8 16. Qa6 f6 17. Ra1 Bf7 18. Nh4 b5 19. Qxc6 bxc4 20. Qxd7 cxb3 21. cxb3 Qxb3 22. Be1 Bb8 23. Nf5 Qe6 24. Qb7 h5 25. h3 Qc8 26. Ne7+ 1-0

[Event "January 9 Early 2024"]
[Site "https://www.chess.com"]
[Date "2024.01.11"]
[Round "6"]
[White "Kadric, Denis"]
[Black "Vestby-Ellingsen, Mads"]
[Result "1/2-1/2"]
[Board "106"]
[TimeControl "180+1"]
[WhiteFideId "14403803"]
[BlackFideId "1520857"]
[WhiteElo "2904"]
[BlackElo "2640"]
[WhiteTeam "MNE"]
[BlackTeam "NOR"]
[WhiteClock "0:00:13"]
[BlackClock "0:00:10"]

1. e4 d5 2. exd5 Qxd5 3. Nf3 Bg4 4. Be2 Nc6 5. h3 Bh5 6. d4 O-O-O 7. c4 Qd6 8. d5 Bxf3 9. gxf3 Ne5 10. f4 Ng6 11. f5 Nf4 12. Bf3 e5 13. Nc3 Nf6 14. a3 g5 15. Be3 Qa6 16. Qb3 Nd3+ 17. Ke2 Nf4+ 18. Bxf4 exf4 19. Rhd1 h5 20. Kf1 g4 21. Be2 f3 22. Bd3 Qd6 23. Nb5 Qh2 24. Nxa7+ Kb8 25. Nc6+ Kc8 26. Na7+ Kb8 27. Nc6+ Kc8 28. Na7+ 1/2-1/2